AoeStats
← isodam

Arena

508006799Analyzed
1v1 RM · 12d ago on Sep 20, 2026· 60m 47s· 2 players
Game mode
Random Map
Map size
Tiny (2 player)
Population
200
Speed
Normal
Resources
Standard
Victory
Conquest
Starting age
Dark Age
Ending age
Imperial Age
RankedLock teamsTeams togetherTeam positionsShared explorationLock speedFull tech treeHidden civsTurbo modeCheats
Victory
Defeat
🇨🇿 Mongols · Czechia
555
+17
🇫🇷 Britons · France
584
-17
KaliBOSS
9:52 Feudal Age
10:43 Double-Bit Axe
10:39 Horse Collar
14:36 Gold Mining
21:25 Castle Age
23:44 Stone Mining
24:30 Gold Shaft Mining
26:36 Stone Shaft Mining
25:56 Fletching
26:07 Padded Archer Armor
26:17 Forging
26:13 Scale Barding Armor
27:18 Bodkin Arrow
27:39 Leather Archer Armor
27:49 Bow Saw
27:42 Heavy Plow
32:53 Wheelbarrow
32:03 Town Watch
32:04 Loom
33:24 Bloodlines
33:16 Husbandry
34:42 Chain Barding Armor
34:58 Iron Casting
37:35 Imperial Age
35:06 Town Patrol
35:34 Elite Skirmisher
36:34 Thumb Ring
38:18 Pikeman
39:02 Squires
39:11 Elite Steppe Lancer
39:13 Heavy Camel Rider
42:03 Blast Furnace
41:03 Bracer
43:37 Scale Mail Armor
45:41 Chemistry
45:16 Hand Cart
52:01 Ballistics
52:41 Chemistry
51:53 Masonry
isodam
0:39 Loom
10:54 Feudal Age
11:21 Double-Bit Axe
11:19 Horse Collar
12:17 Wheelbarrow
11:58 Town Watch
13:10 Gold Mining
13:23 Stone Mining
21:24 Castle Age
22:44 Gold Shaft Mining
22:12 Heavy Plow
22:27 Bow Saw
22:38 Hand Cart
23:38 Town Patrol
28:13 Fortified Wall
28:00 Murder Holes
27:47 Treadmill Crane
28:24 Fortified Wall
28:26 Masonry
28:39 Ballistics
28:39 Murder Holes
34:32 Imperial Age
36:37 Two-Man Saw
36:57 Chemistry
36:26 Conscription
35:29 Elite Longbowman
37:06 Cavalier
37:47 Husbandry
39:54 Architecture
40:24 Light Cavalry
43:20 Warwolf
43:41 Scale Barding Armor
43:38 Padded Archer Armor
43:28 Fletching
44:59 Chain Barding Armor
Connection lost

Rejoining the realm…

Still unreachable

The connection could not be restored.

Session expired

The server has moved on; the page needs a fresh start.